 Dungeon Crawl Stone Soup version 0.28-a0-732-g75e6d9beac (webtiles) character file.

Game seed: 1840870662536142965

8543 Ijustatesigmund the Covert (level 11, 0/89 HPs)
             Began as a Gnoll Delver on Oct 29, 2021.
             Killed from afar by Erica (19 damage)
             ... with a lance of force
             ... on level 8 of the Dungeon.
             The game lasted 00:23:04 (9186 turns).

Ijustatesigmund the Covert (Gnoll Delver)           Turns: 9186, Time: 00:23:05

Health: 0/89       AC: 17    Str: 18    XL:     11   Next: 32%
Magic:  20/20      EV: 16    Int: 12    God:
Gold:   484        SH:  5    Dex: 14    Spells: 22/22 levels left

rFire   x . .      SeeInvis .   C - +5 flail of Malaise {vorpal, rC++}
rCold   + + +      Faith    .   F - +0 buckler
rNeg    . . .      Spirit   .   b - +0 ice dragon scales
rPois   .          Reflect  .   d - +1 hat
rElec   .          Harm     .   u - +2 cloak {Stlth+}
rCorr   .          Rampage  .   o - +0 pair of gloves
Will    .....                   (no boots)
Stlth   ++++......              m - amulet of regeneration
HPRegen 1.24/turn               p - +6 ring of strength
MPRegen 0.17/turn               x - +4 ring of evasion

@: lethally poisoned (0 -> 0), slowed, very slow
A: fangs 1, strong nose, distributed training
a: no special abilities


You were on level 8 of the Dungeon.
You visited 2 branches of the dungeon, and saw 10 of its levels.
You also visited: Ossuary.

You collected 484 gold pieces.

Inventory:

Hand Weapons
 a - a +0 war axe
 C - the +5 flail of Malaise (weapon) {vorpal, rC++}
   (You found it on level 5 of the Dungeon)

   It inflicts extra damage upon your enemies.
   rC:        It greatly protects you from cold.
Missiles
 J - 20 poisoned darts (quivered)
Armour
 b - +0 ice dragon scales (worn)
 d - a +1 hat (worn)
 o - a +0 pair of gloves (worn)
 u - a +2 cloak of stealth (worn)
 z - a scarf of shadows
 F - a +0 buckler (worn)
Jewellery
 h - an amulet of the acrobat
 m - an amulet of regeneration (around neck)
 n - a ring of magical power
 p - a +6 ring of strength (left hand)
 r - a ring of wizardry
 s - an amulet of magic regeneration
 x - a +4 ring of evasion (right hand)
 D - a +6 ring of dexterity
 K - a ring of willpower
Wands
 g - a wand of digging (1)
 i - a wand of flame (41)
 v - a wand of acid (3)
 E - a wand of mindburst (6)
 M - a wand of paralysis (4)
Scrolls
 c - 4 scrolls of fog
 e - a scroll of blinking
 k - 2 scrolls of summoning
 w - 2 scrolls of amnesia
 G - 2 scrolls of enchant weapon
Potions
 j - 3 potions of might
 q - 3 potions of brilliance
 t - a potion of lignification
 A - 4 potions of ambrosia
 B - a potion of attraction
 I - a potion of cancellation {unknown}
 L - a potion of magic {unknown}
Miscellaneous
 y - a lightning rod (4/4)


   Skills:
 + Level 9.1 Fighting
 + Level 6.2 Short Blades
 + Level 6.2 Long Blades
 + Level 7.8 Axes
 + Level 6.2 Maces & Flails
 + Level 6.2 Polearms
 + Level 6.2 Staves
 + Level 6.2 Slings
 + Level 6.2 Bows
 + Level 6.2 Crossbows
 + Level 6.2 Throwing
 + Level 6.2 Armour
 + Level 7.8 Dodging
 + Level 11.4 Stealth
 + Level 6.2 Shields
 + Level 6.2 Unarmed Combat
 + Level 6.2 Spellcasting
 + Level 5.1 Conjurations
 + Level 5.1 Hexes
 + Level 5.1 Summonings
 + Level 5.1 Necromancy
 + Level 5.1 Translocations
 + Level 5.1 Transmutations
 + Level 5.1 Fire Magic
 + Level 5.1 Ice Magic
 + Level 5.1 Air Magic
 + Level 5.1 Earth Magic
 + Level 5.1 Poison Magic
 + Level 6.8 Invocations
 + Level 6.2 Evocations


You had 22 spell levels left.
You didn't know any spells.
Your spell library contained the following spells:

 Spells                   Type           Power      Damage    Failure   Level
 Summon Small Mammal      Summ           64%        N/A       8%          1
 Ensorcelled Hibernation  Hex/Ice        32%        N/A       12%         2
 Ignite Poison            Fire/Tmut/Pois 16%        N/A       22%         3
 Mephitic Cloud           Conj/Pois/Air  16%        N/A       22%         3
 Spider Form              Tmut/Pois      8%         N/A       22%         3
 Summon Guardian Golem    Hex/Summ       16%        N/A       22%         3
 Iskenderun's Mystic Bla  Conj/Tloc      16%        2d5       58%         4
 Passage of Golubria      Tloc           16%        N/A       58%         4
 Freezing Cloud           Conj/Ice/Air   8%         6-21      91%         5
 Orb of Destruction       Conj           8%         9d4       100%        7
 Spellforged Servitor     Conj/Summ      8%         N/A       100%        7


Dungeon Overview and Level Annotations

Branches:
Dungeon (9/15)             Temple (1/1) D:4         Ossuary (visited)
   Lair: D:8-11         Orc: D:9-12

Altars:
Ashenzari
Cheibriados
Dithmenos
Elyvilon
Fedhas
Gozag
Hepliaklqana
Kikubaaqudgha
Makhleb
Nemelex Xobeh
Okawaru
Qazlal
Ru
Sif Muna
Trog
Uskayaw
Vehumet
Xom
Yredelemnul
Zin
The Shining One

Shops:
D:4 =**   D:9 [(=

Annotations:
D:8 Erica, Maurice


Innate Abilities, Weirdness & Mutations

You have very sharp teeth.
Your uncanny sense of smell can sniff out nearby items.
Your experience applies equally to all skills.


Message History

A bolt of poison appears from out of thin air!
The bolt of poison misses you.
You hear some strange, mumbled words.
Something hits you but does no damage.
You hear some strange, mumbled words.
You are confused.
Things that are here:
a +0 war axe; a +0 leather armour; an orc corpse You are too confused!
Unknown command.
Okay, then.
You miss something. You bite something. Something hits you!
Something burns you.
* * * LOW HITPOINT WARNING * * *
You hear some strange, mumbled words.
A bolt of poison appears from out of thin air!
The bolt of poison hits you.
You are poisoned.
* * * LOW HITPOINT WARNING * * *
You feel very sick.
You hear some strange, mumbled words.
A lance of force appears from out of thin air!
The lance of force hits you!
* * * LOW HITPOINT WARNING * * *
You are knocked back by the lance of force.
You slam into the rock wall!
* * * LOW HITPOINT WARNING * * *
You see here a scroll labelled GURAJIDGHETZ.
You feel much better.
You feel less confused.
You feel very sick. Something hits you but does no damage.
You closely miss something.
You feel sick.
You hear some strange, mumbled words.
Something tries to affect you, but you resist.
You feel sick.
You hear some strange, mumbled words.
A lance of force appears from out of thin air!
The lance of force hits you!!
You die...

#.# #.# #.# #.. #.########
#.# # # ##......... #.#
#.# #####..######## #.#
#.# #.......#######
#.##.#.####.###..........
######...###{?@..#
#..#######..
#....[....#.###$.#
#...........
###>.[#)####..#
#..#########
#...........(.###...######
#.#(..#...{..)#.......>..#
#.....#####..#.....##....#
#..#..# #..............# #
#..#..######.#...#.##....#
#.##..#........
###.#.#...#.##


There were no monsters in sight!

Vanquished Creatures
  Gastronok (D:9)
  A boulder beetle (D:6)
  A hydra (D:6)
  A manticore (D:6)
  A deep elf pyromancer (D:7)
  A queen bee (D:9)
  Sigmund (D:2)
  A wyvern (D:9)
  5 yaks (D:8)
  A steam dragon (D:7)
  Menkaure (D:4)
  An acid dragon (D:8)
  A water moccasin (D:5)
  An ice beast (D:5)
  2 orc warriors (D:6)
  2 sky beasts
  2 black bears
  A necrophage (D:5)
  3 ogres
  A kobold brigand (D:5)
  A bullfrog (D:6)
  A scorpion (D:6)
  A gnoll sergeant (D:9)
  A wyvern skeleton (D:6)
  The ghost of fly the Sneak, a weakling FoDe (D:5)
  24 killer bees (D:9)
  3 wights
  3 bullfrog zombies
  2 jellies (D:6)
  2 centaur zombies
  A centaur skeleton (D:5)
  2 orc priests (D:6)
  A gnoll shaman (D:7)
  4 hounds
  An iguana (D:5)
  Terence (D:2)
  9 orc wizards
  A mummy (Ossuary)
  A hound skeleton (D:4)
  A howler monkey zombie (D:9)
  3 howler monkey skeletons
  12 gnolls
  6 adders
  A shadow imp (D:6)
  A white imp (D:6)
  2 ufetubi
  2 adder skeletons
  A dart slug (D:4)
  23 orcs
  5 bats
  5 endoplasms
  3 giant cockroaches
  5 goblins
  6 hobgoblins
  6 jackals
  2 quokkas
  6 ball pythons
  5 frilled lizards
  8 hobgoblin zombies (Ossuary)
  12 kobolds
  5 kobold zombies (Ossuary)
  6 orc zombies (Ossuary)
  4 rats
219 creatures vanquished.

Vanquished Creatures (collateral kills)
  An elf zombie (Ossuary)
  A mummy (Ossuary)
  2 orc zombies (Ossuary)
4 creatures vanquished.

Vanquished Creatures (others)
  An unseen horror (D:7)
  A fungus (D:5)
  15 plants
17 creatures vanquished.

Grand Total: 240 creatures vanquished

Notes
Turn   | Place    | Note
-------+----------+-------------------------------------------
     0 | D:5      | Reached skill level 9 in Stealth
     0 | D:5      | Ijustatesigmund the Gnoll Delver began the quest for the
                  | Orb.
     0 | D:5      | Reached XP level 1. HP: 23/23 MP: 1/1
    71 | D:4      | Found a sand-covered staircase.
    76 | Ossuary  | Entered an ossuary
   220 | Ossuary  | Reached XP level 2. HP: 24/29 MP: 2/2
   394 | Ossuary  | Reached XP level 3. HP: 32/35 MP: 3/3
   415 | Ossuary  | Reached skill level 1 in Short Blades
   415 | Ossuary  | Reached skill level 1 in Long Blades
   415 | Ossuary  | Reached skill level 1 in Maces & Flails
   415 | Ossuary  | Reached skill level 1 in Polearms
   415 | Ossuary  | Reached skill level 1 in Staves
   415 | Ossuary  | Reached skill level 1 in Slings
   415 | Ossuary  | Reached skill level 1 in Bows
   415 | Ossuary  | Reached skill level 1 in Crossbows
   415 | Ossuary  | Reached skill level 1 in Throwing
   415 | Ossuary  | Reached skill level 1 in Armour
   415 | Ossuary  | Reached skill level 1 in Shields
   415 | Ossuary  | Reached skill level 1 in Unarmed Combat
   415 | Ossuary  | Reached skill level 1 in Spellcasting
   415 | Ossuary  | Reached skill level 1 in Conjurations
   415 | Ossuary  | Reached skill level 1 in Hexes
   415 | Ossuary  | Reached skill level 1 in Summonings
   415 | Ossuary  | Reached skill level 1 in Necromancy
   415 | Ossuary  | Reached skill level 1 in Translocations
   415 | Ossuary  | Reached skill level 1 in Transmutations
   415 | Ossuary  | Reached skill level 1 in Fire Magic
   415 | Ossuary  | Reached skill level 1 in Ice Magic
   415 | Ossuary  | Reached skill level 1 in Air Magic
   415 | Ossuary  | Reached skill level 1 in Earth Magic
   415 | Ossuary  | Reached skill level 1 in Poison Magic
   415 | Ossuary  | Reached skill level 1 in Invocations
   415 | Ossuary  | Reached skill level 1 in Evocations
   415 | Ossuary  | Reached XP level 4. HP: 12/41 MP: 3/5
   792 | Ossuary  | Reached XP level 5. HP: 38/47 MP: 5/7
   961 | D:4      | Noticed Menkaure
  1023 | D:4      | Found Dexadu Fopt's Specific Store.
  1032 | D:4      | Found Pynnidus's General Store.
  2523 | D:1      | Found a faded altar of an unknown god.
  2638 | D:1      | Reached XP level 6. HP: 53/53 MP: 8/8
  2976 | D:2      | Noticed Terence
  2977 | D:2      | Noticed Sigmund
  3537 | D:3      | Reached skill level 5 in Axes
  3537 | D:3      | Reached skill level 5 in Dodging
  4515 | D:2      | Killed Sigmund
  4516 | D:2      | Reached XP level 7. HP: 60/60 MP: 10/10
  4740 | D:2      | Killed Terence
  4961 | D:2      | You fall into a shaft and drop 2 floors!
  5009 | D:4      | Found a staircase to the Ecumenical Temple.
  5029 | Temple   | Entered the Ecumenical Temple
  5225 | D:4      | Killed Menkaure
  5226 | D:4      | Reached skill level 10 in Stealth
  5456 | D:4      | Found Fuottyrch's Jewellery Shoppe.
  6047 | D:5      | Reached XP level 8. HP: 67/67 MP: 12/12
  6052 | D:5      | Found a runed translucent gate.
  6053 | D:5      | Found a runed translucent gate.
  6054 | D:5      | Found a runed translucent gate.
  6055 | D:5      | Noticed fly's ghost (weakling FoDe)
  6159 | D:5      | Identified the +5 flail of Malaise {vorpal, rC++}
  6462 | D:5      | Killed fly's ghost
  6631 | D:6      | Noticed a boulder beetle
  6638 | D:6      | Noticed a four-headed hydra
  6698 | D:6      | Killed a four-headed hydra
  6699 | D:6      | Reached XP level 9. HP: 67/74 MP: 13/15
  7250 | D:6      | Reached skill level 5 in Invocations
  7464 | D:6      | Noticed a manticore
  7474 | D:6      | Killed a boulder beetle
  7475 | D:6      | Reached XP level 10. HP: 21/80 MP: 15/17
  7538 | D:6      | Killed a manticore
  7539 | D:6      | Reached skill level 5 in Short Blades
  7539 | D:6      | Reached skill level 5 in Long Blades
  7539 | D:6      | Reached skill level 5 in Maces & Flails
  7539 | D:6      | Reached skill level 5 in Polearms
  7539 | D:6      | Reached skill level 5 in Staves
  7539 | D:6      | Reached skill level 5 in Slings
  7539 | D:6      | Reached skill level 5 in Bows
  7539 | D:6      | Reached skill level 5 in Crossbows
  7539 | D:6      | Reached skill level 5 in Throwing
  7539 | D:6      | Reached skill level 5 in Armour
  7539 | D:6      | Reached skill level 5 in Shields
  7539 | D:6      | Reached skill level 5 in Unarmed Combat
  7539 | D:6      | Reached skill level 5 in Spellcasting
  7539 | D:6      | Reached skill level 5 in Evocations
  7698 | D:7      | Noticed a white ugly thing
  7703 | D:7      | Killed an unseen horror
  7723 | D:7      | Noticed a four-headed hydra
  8019 | D:7      | Got Sif Muna's Guide on Dislocated Creation
  8032 | D:7      | Noticed a deep elf pyromancer
  8040 | D:7      | Killed a deep elf pyromancer
  8041 | D:7      | Reached skill level 11 in Stealth
  8071 | D:7      | Noticed a two-headed ogre
  8321 | D:8      | Noticed Maurice
  8324 | D:8      | Noticed Erica
  8483 | D:9      | Noticed Gastronok
  8561 | D:9      | Reached XP level 11. HP: 72/87 MP: 19/19
  8612 | D:9      | Killed Gastronok
  8613 | D:9      | Reached skill level 5 in Conjurations
  8613 | D:9      | Reached skill level 5 in Hexes
  8613 | D:9      | Reached skill level 5 in Summonings
  8613 | D:9      | Reached skill level 5 in Necromancy
  8613 | D:9      | Reached skill level 5 in Translocations
  8613 | D:9      | Reached skill level 5 in Transmutations
  8613 | D:9      | Reached skill level 5 in Fire Magic
  8613 | D:9      | Reached skill level 5 in Ice Magic
  8613 | D:9      | Reached skill level 5 in Air Magic
  8613 | D:9      | Reached skill level 5 in Earth Magic
  8613 | D:9      | Reached skill level 5 in Poison Magic
  8711 | D:9      | Found Fimyma's Jewellery Shoppe.
  8774 | D:9      | Found Zuafomelamn's Weapon Boutique.
  9077 | D:9      | Found Tuurei Pasau's Armour Boutique.
  9186 | D:8      | Killed from afar by Erica

Illustrated notes

Levels and vault maps discovered:
D:1:      psy_arrival_basics, layout_basic, chequers_ecumenical_altar_simple
D:2:      layout_basic, chequers_jeans, kennysheep_generic_room_11,
          uniq_terence, uniq_sigmund
D:3:      layout_basic
D:4:      layout_rooms, minmay_temple_entry_sparse_star, enter_ossuary_2,
          nicolae_inconvenience_store, chequers_big_river,
          kennysheep_nondescript, nicolae_specific_store, uniq_menkaure
D:5:      layout_rooms, gammafunk_ghost_nasty_kobolds
D:6:      minmay_chambers_of_sixes, layout_basic
D:7:      minmay_the_grid_square_5x5_3x3
          [minmay_the_grid_square_5x5_spiral_small,
          minmay_the_grid_square_5x5_pentomino_r,
          minmay_the_grid_square_5x5_three,
          minmay_the_grid_square_5x5_three_walls,
          minmay_the_grid_square_5x5_megaprize_open,
          minmay_the_grid_square_5x5_beaten_path,
          minmay_the_grid_square_5x5_inverted_slash,
          minmay_the_grid_square_5x5_c, minmay_the_grid_square_5x5_meh],
          layout_basic, pdpol_wu_jian_five_deadly_venoms
D:8:      layout_loops_ring, uniq_maurice, uniq_erica
D:9:      layout_long_grid, gammafunk_ghost_wrathful_warriors, special_room
          [special_room_bee], serial_shops,
          nicolae_shop_competitors_out_of_business, shop_fountains, shop, shop,
          uniq_erolcha, uniq_gastronok
Temple:   dpeg_three_leaves_temple

Skill      XL: |  1  2  3  4  5  6  7  8  9 10 11 |
---------------+----------------------------------+-----
Stealth        | 10 11 | 11.4
Short Blades   | 1 2 4 5 6 |  6.2
Long Blades    | 1 2 4 5 6 |  6.2
Maces & Flails | 1 2 4 5 6 |  6.2
Polearms       | 1 2 4 5 6 |  6.2
Staves         | 1 2 4 5 6 |  6.2
Slings         | 1 2 4 5 6 |  6.2
Bows           | 1 2 4 5 6 |  6.2
Crossbows      | 1 2 4 5 6 |  6.2
Throwing       | 1 2 4 5 6 |  6.2
Armour         | 1 2 4 5 6 |  6.2
Shields        | 1 2 4 5 6 |  6.2
Unarmed Combat | 1 2 4 5 6 |  6.2
Spellcasting   | 1 2 4 5 6 |  6.2
Conjurations   | 1 2 3 4 5 |  5.1
Hexes          | 1 2 3 4 5 |  5.1
Summonings     | 1 2 3 4 5 |  5.1
Necromancy     | 1 2 3 4 5 |  5.1
Translocations | 1 2 3 4 5 |  5.1
Transmutations | 1 2 3 4 5 |  5.1
Fire Magic     | 1 2 3 4 5 |  5.1
Ice Magic      | 1 2 3 4 5 |  5.1
Air Magic      | 1 2 3 4 5 |  5.1
Earth Magic    | 1 2 3 4 5 |  5.1
Poison Magic   | 1 2 3 4 5 |  5.1
Invocations    | 1 2 3 4 5 6 |  6.8
Evocations     | 1 2 4 5 6 |  6.2
Axes           | 5 6 7 |  7.8
Dodging        | 5 6 7 |  7.8
Fighting       | 7 8 9 |  9.1

Action                   |  1- 3 |  4- 6 |  7- 9 | 10-12 || total
-------------------------+-------+-------+-------+-------++-------
Melee: Hand axe          |    69 |   201 |       |       ||   270
       Bite              |     7 |    16 |    26 |    31 ||    80
       War axe           |       |    50 |    95 |       ||   145
       Flail             |       |       |   174 |   256 ||   430
       Punch             |       |       |     2 |     1 ||     3
Throw: Javelin           |       |       |       |     2 ||     2
       Dart              |       |       |       |     1 ||     1
Evoke: Wand              |     4 |     4 |    11 |     9 ||    28
  Use: Scroll            |     2 |     7 |     1 |     9 ||    19
       Potion            |       |     4 |     2 |     9 ||    15
 Stab: Sleeping          |     3 |    13 |     6 |     1 ||    23
       Distracted        |       |     2 |     1 |       ||     3
       Paralysed         |       |       |       |     1 ||     1
Armor: Leather armour    |    12 |    35 |       |       ||    47
       Chain mail        |       |    87 |    43 |       ||   130
       Ice dragon scales |       |       |    99 |   105 ||   204
Dodge: Dodged            |    39 |   130 |   229 |   257 ||   655
Block: Buckler           |       |       |       |    63 ||    63

Table legend: (Time is in decaauts)
 A = Elapsed time spent in this place.
 B = Non-inter-level travel time spent in this place.
 C = Inter-level travel time spent in this place.
 D = Time resting spent in this place.
 E = Time spent auto-exploring this place.
 F = Levels seen in this place.
 G = Mean time per level.
                   A        B        C        D        E       F      G
               +--------+--------+--------+--------+--------+-----+--------+
         Total |   9325 |   9024 |    301 |   2624 |   4036 |  11 |  847.7 |
       Dungeon |   8435 |   8149 |    286 |   2209 |   3865 |   9 |  937.2 |
        Temple |     79 |     64 |     15 |      0 |     55 |   1 |   79.0 |
       Ossuary |    810 |    810 |      0 |    415 |    116 |   1 |  810.0 |
               +--------+--------+--------+--------+--------+-----+--------+

Top non-repeatable levels by time:
     D:3: 1954 daAuts
     D:2: 1313 daAuts
     D:4: 1127 daAuts
     D:6: 1012 daAuts
 Ossuary: 810 daAuts
     D:5: 786 daAuts
     D:9: 776 daAuts
     D:1: 657 daAuts
     D:7: 497 daAuts
     D:8: 309 daAuts
  Temple: 79 daAuts
